AoeStats
← The Brave Sir Robin

QS Arena

503422288Analyzed
1v1 RM · 1mo ago on Aug 31, 2026· 43m 5s· 2 players
Game mode
Random Map
Map size
Tiny (2 player)
Population
200
Speed
Normal
Resources
Standard
Victory
Conquest
Starting age
Dark Age
Ending age
Imperial Age
RankedLock teamsTeams togetherTeam positionsShared explorationLock speedFull tech treeHidden civsTurbo modeCheats
Victory
Defeat
🇩🇰 Franks · Denmark
1089
+16
🇸🇪 Bohemians · Sweden
1090
-16
The Brave Sir Robin
8:54 Feudal Age
12:22 Castle Age
10:37 Double-Bit Axe
18:19 Wheelbarrow
19:19 Gold Mining
19:20 Stone Mining
22:18 Gold Shaft Mining
22:34 Hand Cart
27:18 Imperial Age
26:23 Ballistics
26:10 Scale Barding Armor
26:16 Forging
26:59 Husbandry
27:32 Chain Barding Armor
27:32 Cavalier
29:19 Chemistry
28:22 Scale Mail Armor
28:57 Iron Casting
28:10 Pikeman
28:51 Squires
30:39 Plate Barding Armor
31:05 Blast Furnace
29:55 Fletching
30:06 Padded Archer Armor
34:42 Light Cavalry
38:16 Conscription
37:59 Chivalry
38:14 Paladin
King of Avalon
7:34 Loom
9:20 Feudal Age
13:55 Castle Age
13:25 Double-Bit Axe
13:22 Horse Collar
22:36 Wheelbarrow
23:03 Bow Saw
23:30 Town Watch
25:10 Town Patrol
28:42 Imperial Age
26:23 Heavy Plow
26:51 Fervor
27:09 Sanctity
27:25 Hand Cart
27:55 Squires
27:15 Pikeman
27:57 Scale Mail Armor
29:19 Forging
29:25 Chain Mail Armor
29:39 Hussite Reforms
29:29 Halberdier
31:53 Redemption
32:01 Block Printing
32:13 Illumination
33:27 Theocracy
37:20 Chemistry
Connection lost

Rejoining the realm…

Still unreachable

The connection could not be restored.

Session expired

The server has moved on; the page needs a fresh start.